 Seeded DCSS version 0.31-a0-1-g4198be8af4 (webtiles) character file.

Game seed: 548224908236487523 (custom seed)

620 Pimp the Poker (level 7, 0/56 HPs)
             Began as a Merfolk Fighter on May 2, 2023.
             Slain by an acid dragon (3 damage)
             ... on level 7 of the Dungeon.
             The game lasted 00:05:26 (2472 turns).

Pimp the Poker (Merfolk Fighter)                    Turns: 2472, Time: 00:05:26

Health: 0/56       AC:  0    Str: 18    XL:     7   Next: 46%
Magic:  7/7        EV:  9    Int:  7    God:
Gold:   123        SH:  6    Dex: 14    Spells: 6/6 levels left

rFire   + . .        a - +0 trident
rCold   . . .        c - +1 buckler
rNeg    . . .        b - +0 scale mail
rPois   .            (no helmet)
rElec   .            g - +0 cloak
rCorr   .            (no gloves)
SInv    .            (no boots)
Will    .....        (no amulet) Stlth
                     (no ring)
HPRegen 0.29/turn    (no ring)
MPRegen 0.10/turn

%: no passive effects
@: brilliant, corroded, flying, hasted, very quick
A: (nimble swimmer 2), mertail, fire resistance 1, screaming 1, MP-powered wands
a: no special abilities


You were on level 7 of the Dungeon.
You visited 1 branch of the dungeon, and saw 7 of its levels.

You collected 123 gold pieces.

Inventory:

Hand Weapons
 a - a +0 trident (weapon)
Armour
 b - a +0 scale mail (worn)
 c - a +1 buckler (worn)
 g - a +0 cloak (worn)
Wands
 s - a wand of flame (9)
Scrolls
 f - a scroll of enchant armour
 l - a scroll of noise {unknown}
 p - a scroll of poison {unknown}
 q - a scroll of vulnerability {unknown}
Potions
 o - 2 potions of degeneration {unknown}
 r - a potion of invisibility {unknown}
 t - a potion of berserk rage {unknown}


   Skills:
 + Level 5.1 Fighting
 * Level 6.4 Polearms
 + Level 3.5 Armour
 + Level 4.7 Shields


You had 6 spell levels left.
You didn't know any spells.
Your spell library contained the following spells:

 Spells                   Type           Power      Damage    Failure   Level
 Blink                    Tloc           0%         N/A       95%         2
 Lesser Beckoning         Tloc           0%         N/A       95%         2
 Momentum Strike          Conj/Tloc      0%         3d8       95%         2


Dungeon Overview and Level Annotations

Branches:
Dungeon (8/15)
 Temple: D:4-7         Lair: D:8-11

Altars:

Shops:
D:4 *

Annotations:
D:5 Pikel


Innate Abilities, Weirdness & Mutations

((You are very nimble when in or above water. (Stealth+, EV+, Speed+++)))
Your lower body shifts to a powerful aquatic tail in water.
Your flesh is heat resistant. (rF+)
You occasionally shout uncontrollably at your foes.
You expend magic power (3 MP) to strengthen your wands.


Message History

You hit the acid dragon.
The acid dragon is moderately wounded.
You completely miss the acid dragon.
The acid dragon is moderately wounded.
The acid dragon bites you but does no damage.
The acid dragon claws you but does no damage.
You puncture the acid dragon!
The acid dragon is heavily wounded.
The acid dragon spits acid at you. The splash of acid hits you!
* * * LOW HITPOINT WARNING * * *
The acid corrodes you!
It was a potion of curing.
You feel better.
It was a potion of mutation.
You feel extremely strange.
You feel your magical essence link to the dungeon's wands.
You feel the urge to shout.
You feel resistant to heat. The acid dragon bites you.
* * * LOW HITPOINT WARNING * * *
The acid dragon claws you.
* * * LOW HITPOINT WARNING * * *
It was a potion of heal wounds.
You feel much better. The acid dragon bites you!
* * * LOW HITPOINT WARNING * * *
The acid dragon barely misses you.
You hit the acid dragon but do no damage.
The acid dragon is heavily wounded.
You closely miss the acid dragon.
The acid dragon is heavily wounded.
The acid dragon bites you.
* * * LOW HITPOINT WARNING * * *
The acid dragon claws you.
* * * LOW HITPOINT WARNING * * *
You hit the acid dragon but do no damage.
The acid dragon is heavily wounded.
You hit the acid dragon.
The acid dragon is severely wounded.
The acid dragon bites you!
* * * LOW HITPOINT WARNING * * *
The acid dragon claws you.
You die...

############
.......@D9.#
..[...####.#
.#..#..# #.#
...##...##.#
#.###D...#D#
#.##.###..9#
# #.###....#
####..##.#
?....#
#.########


You could see an acid dragon and a gargoyle.

Vanquished Creatures
  A black bear (D:4)
  An ice beast (D:4)
  2 ogres
  A lemure (D:4)
  A scorpion (D:5)
  A jelly (D:4)
  A hound (D:5)
  2 iguanas (D:4)
  4 adders
  A shadow imp (D:5)
  2 worms
  A dart slug (D:4)
  3 orcs
  4 ball pythons
  2 bats
  8 endoplasms
  7 goblins
  6 hobgoblins
  3 jackals (D:1)
  2 kobolds
  2 quokkas
  2 frilled lizards (D:1)
  A rat (D:3)
58 creatures vanquished.

Notes
Turn   | Place    | Note
-------+----------+-------------------------------------------
     0 | D:1      | Pimp the Merfolk Fighter began the quest for the Orb.
     0 | D:1      | Reached XP level 1. HP: 18/18 MP: 1/1
   158 | D:1      | Reached skill level 3 in Polearms
   158 | D:1      | Reached XP level 2. HP: 5/24 MP: 2/2
   626 | D:2      | Reached XP level 3. HP: 10/30 MP: 3/3
   737 | D:2      | Found a faded altar of an unknown god.
  1151 | D:4      | Reached XP level 4. HP: 32/37 MP: 4/4
  1159 | D:4      | Noticed an ogre
  1175 | D:4      | Killed an ogre
  1176 | D:4      | Reached skill level 4 in Polearms
  1176 | D:4      | Reached XP level 5. HP: 7/42 MP: 5/5
  1507 | D:4      | Noticed a black bear
  1520 | D:4      | Killed a black bear
  1521 | D:4      | Reached XP level 6. HP: 29/49 MP: 6/6
  1602 | D:4      | Reached skill level 5 in Polearms
  1907 | D:4      | Found Wiajugh's General Store.
  2102 | D:5      | Entered Level 5 of the Dungeon
  2102 | D:5      | Noticed an ice beast
  2121 | D:4      | Killed an ice beast
  2122 | D:4      | Reached XP level 7. HP: 43/55 MP: 7/7
  2186 | D:5      | Reached skill level 5 in Fighting
  2186 | D:5      | Reached skill level 6 in Polearms
  2232 | D:5      | Noticed Pikel
  2418 | D:5      | You fall into a shaft and drop 3 floors!
  2434 | D:7      | Noticed a gargoyle
  2467 | D:7      | Gained mutation: You expend magic power (3 MP) to
                  | strengthen your wands. [potion of mutation]
  2467 | D:7      | Gained mutation: You occasionally shout uncontrollably at
                  | your foes. [potion of mutation]
  2467 | D:7      | Gained mutation: Your flesh is heat resistant. (rF+)
                  | [potion of mutation]
  2467 | D:7      | HP: 2/56 [acid dragon (6)]
  2472 | D:7      | Slain by an acid dragon

Illustrated notes

Levels and vault maps discovered:
D:1:      evilmike_arrival_rings, layout_rooms, serial_glass, glass_columns_c,
          glass_columns_a, glass_columns_a, glass_columns_a
D:2:      layout_loops_corners, shapermc_ecumenical_altar_totnotflames
D:3:      corexii_shack_village, layout_loops_ring, amcnicky_altar_gilded,
          st_stairs_13, chequers_serial_rivers_room_a
D:4:      minmay_angry_zag, layout_rooms, serial_shops, kennysheep_mini
D:5:      nicolae_cairo_tiling, layout_basic, nemelex_altar_shiori,
          temple_statues, minmay_misc_feat_tiny, uniq_pikel
D:7:      layout_loops_ring, fedhas_altar_decomposition, kb_rosetta,
          uniq_duvessa
D:8:      layout_basic, serial_shops, nicolae_shop_statue_plus, enter_bailey_5

Skill      XL: |  1  2  3  4  5  6  7 |
---------------+----------------------+-----
Polearms       | 3 4 5 6 |  6.4
Fighting       | 4 5 |  5.1
Shields        | 4 |  4.7
Armour         | 3 |  3.5

Action                     |  1- 3 |  4- 6 |  7- 9 || total
---------------------------+-------+-------+-------++-------
  Melee: Trident           |   110 |   131 |    58 ||   299
    Use: Scroll            |     5 |       |       ||     5
         Potion            |       |     2 |     8 ||    10
 Armour: Scale mail        |    73 |    49 |    12 ||   134
  Dodge: Dodged            |    58 |    48 |    16 ||   122
  Block: Buckler           |    30 |    36 |    15 ||    81

Table legend: (Time is in decaauts)
 A = Elapsed time spent in this place.
 B = Non-inter-level travel time spent in this place.
 C = Inter-level travel time spent in this place.
 D = Time resting spent in this place.
 E = Time spent auto-exploring this place.
 F = Levels seen in this place.
 G = Mean time per level.
                   A        B        C        D        E       F      G
               +--------+--------+--------+--------+--------+-----+--------+
         Total |   2476 |   2365 |    111 |    731 |    862 |   7 |  353.7 |
       Dungeon |   2476 |   2365 |    111 |    731 |    862 |   7 |  353.7 |
               +--------+--------+--------+--------+--------+-----+--------+

Top non-repeatable levels by time:
     D:4: 1202 daAuts
     D:2: 474 daAuts
     D:1: 420 daAuts
     D:3: 214 daAuts
     D:5: 119 daAuts
     D:7: 32 daAuts
     D:8: 12 daAuts
